Workbook
Name Company: '[1]Client Info'!#REF!
Name Company: '[1]Client Info'!#REF!
Name Company: '[1]Client Info'!#REF!
Name Company: '[1]Client Info'!#REF!
Name Company: '[1]Client Info'!#REF!
Name E_mail: '[1]Client Info'!#REF!
Name E_mail: '[1]Client Info'!#REF!
Name E_mail: '[1]Client Info'!#REF!
Name E_mail: '[1]Client Info'!#REF!
Name E_mail: '[1]Client Info'!#REF!
Name Maintenance: '[1]Client Info'!#REF!
Name Maintenance: '[1]Client Info'!#REF!
Name Maintenance: '[1]Client Info'!#REF!
Name Maintenance: '[1]Client Info'!#REF!
Name Maintenance: '[1]Client Info'!#REF!
Name Namelist: '[1]Client Info'!#REF!
Name Namelist: '[1]Client Info'!#REF!
Name Staff: '[1]Client Info'!#REF!
Name Staff: '[1]Client Info'!#REF!
Name Staff: '[1]Client Info'!#REF!
Name Staff: '[1]Client Info'!#REF!
Name Staff: '[1]Client Info'!#REF!
Name TC802_: '[2]CONVENTIONAL EQUIPMENT'!#REF!
Name TC802_: '[2]CONVENTIONAL EQUIPMENT'!#REF!
Name TC802_: '[2]CONVENTIONAL EQUIPMENT'!#REF!
Name TC802_: '[2]CONVENTIONAL EQUIPMENT'!#REF!
Name TC802_: #REF!
Name Z_025A42E9_8688_4C90_B86A_88430F032693_.wvu.Cols: Landscaping!#REF!
Name Z_025A42E9_8688_4C90_B86A_88430F032693_.wvu.PrintArea: Landscaping!$A$5:$H$7
Name Z_025A42E9_8688_4C90_B86A_88430F032693_.wvu.PrintTitles: Landscaping!$5:$6

Sheet P&G + Building Work
A1: ITEM NO | D1: QUANTITY | E1: RATE | F1: AMOUNT
B3: SECTION NO. 1
B5: BILL NO. 1
B7: PRELIMINARY AND GENERAL
B9: BUILDING AGREEMENT AND PRELIMINARIES
B11: The JBCC Principal Building Agreement (Edition 6.2 - May 2018) prepared by the Joint Building Contracts Committee shall be the applicable building agreement, amended as hereinafter described
B13: The JBCC Principal Building Agreement contract data form an integral part of this agreement
B15: The JBCC General Preliminaries (Edition 6.2 - May 2018) published by the Joint Building Contracts Committee for use with the JBCC Principal Building Agreement (Edition 6.2 - May 2018) shall be deemed to be incorporated in these bills of quantities, amended as hereinafter described
B17: The contractor is deemed to have referred to the abovementioned documents for the full intent and meaning of each clause
B19: The clauses in the abovementioned documents are hereinafter referred to by clause number and heading only
B21: Where any item is not relevant to this agreement such item is marked N/A signifying "not applicable"
B23: Where standard clauses or alternatives are not entirely applicable to this agreement such amendments, modifications, corrections or supplements as will apply are given under each relevant clause heading and such amendments, modifications, corrections or supplements shall take precedence notwithstanding anything to the contrary contained in the abovementioned documents.
B25: PREAMBLES FOR TRADES
... B47: Interpretation (A1-A7)
A49: 1 | B49: Clause 1.0 - Definitions and interpretation Amend the following definition Construction Period: The period commencing on the Site Handover Date as recorded in the Certificate of Site Possession and ending on the date of practical completion Pricing of bills of quantities The contractor is to allow opposite each item for all costs in connection therewith. All prices to include, unless otherwise stated, for all materials, fabrication, conveyance and delivery, unloading, storing, unpacking, hoisting, labour, setting, fitting and fixing in position, cutting and waste (except where to be measured in accordance with the standard system of measurement), patterns, models and templates, plant, temporary works, returning of packaging, duties, taxes (other than Value Added Tax), imposts, establishment charges, overheads, profit and all other obligations arising out of this agreement. Value Added Tax (VAT) is to be separately stated on the summary page of these bills of quantities Items left unpriced will be deemed to be covered in prices against other items throughout these bills of quantities and no claim for any extras arising out of the contractor's omission to price any item will be entertained Prices for all construction equipment, temporary works, services and other items shall include for the supply, maintenance, operating cost and subsequent removal and making good as necessary Abbreviated descriptions The items in these bills of quantities utilise abbreviated descriptions. It is the intention that the abbreviated descriptions be fully described when read with the applicable measuring system and the relevant preambles and/or specifications. However, should the full intent and meaning of any description not be clear, the contractor shall, before submission of his tender, call for a written directive from the principal agent, failing which it shall be assumed that the contractor has allowed in his pricing for materials and workmanship in terms of international best practice Legal status of contractor If the contractor constitutes a joint venture, consortium or other unincorporated grouping of two or more persons then: 1. These persons are deemed to be jointly and severally liable to the employer for the performance of this agreement 2. These persons shall notify the employer of their leader who has authority to bind the contractor and each of these persons 3. The contractor shall not alter its composition or legal status without the prior written consent of the employer F:......................... V:........................ T:........................ | C49: Item | D49: 1 | F49: =ROUND($D49*E49,2) -> 0
A51: 2 | B51: Clause 2.0 - Law, regulations and notices F:......................... V:........................ T:........................ | C51: Item | D51: 1 | F51: =ROUND($D51*E51,2) -> 0
A53: 3 | B53: Clause 3.0 - Offer and acceptance F:......................... V:........................ T:........................ | C53: Item | D53: 1 | F53: =ROUND($D53*E53,2) -> 0
A55: 4 | B55: Clause 4.0 - Cession and assignment F:......................... V:........................ T:........................ | C55: Item | D55: 1 | F55: =ROUND($D55*E55,2) -> 0
A57: 5 | B57: Clause 5.0 - Documents F:......................... V:........................ T:........................ | C57: Item | D57: 1 | F57: =ROUND($D57*E57,2) -> 0
A59: 6 | B59: Clause 6.0 - Employer's agents
B61: Delegated authority
B63: The authority of the principal agent to issue contract instructions [17.1] and perform duties for specific aspects of the works is delegated to agents as follows [6.2]. This does not preclude the principal agent from issuing such contract instructions:
B65: 1. Architect
B67: 1.1 Duties [6.2] : The architect is responsible for the architectural design, functional design and quality inspection of the works
B69: 1.2 Contract instructions [6.2; 17.1] :
B71: 1.2.1 Rectification of discrepancies, errors in description or quantity or omission of items in the agreement other than in the JBCC Principal Building Agreement
B73: 1.2.2 Alteration to design, standards or quantity of the works provided that such contract instructions shall not substantially change the scope of the works
B75: 1.2.3 The site [13.0]
B77: 1.2.4 Compliance with the law, regulations and bylaws [2.1]
B79: 1.2.5 Provision and testing of samples of materials and goods and/or of finishes and assemblies of elements of the works
B81: 1.2.6 Opening up of work for inspection, removal or re-execution [23.2.4; 26.4.2]
B83: 1.2.7 Removal or re-execution of work
... B275: 8.1.5 Stop the execution of the works where the agreed specification or plan is not adhered to
B277: F:......................... V:........................ T:........................ | C277: Item | D277: 1 | F277: =ROUND($D277*E277,2) -> 0
A279: 7 | B279: Clause 7.0 - Design responsibility F:......................... V:........................ T:........................ | C279: Item | D279: 1 | F279: =ROUND($D279*E279,2) -> 0
B281: Insurances and securities (A8-A11)
A283: 8 | B283: Clause 8.0 - Works risk F:......................... V:........................ T:........................ | C283: Item | D283: 1 | F283: =ROUND($D283*E283,2) -> 0
A285: 9 | B285: Clause 9.0 - Indemnities F:......................... V:........................ T:........................ | C285: Item | D285: 1 | F285: =ROUND($D285*E285,2) -> 0
A287: 10 | B287: Clause 10.0 - Insurances F:......................... V:........................ T:........................ | C287: Item | D287: 1 | F287: =ROUND($D287*E287,2) -> 0
A289: 11 | B289: Clause 11.0 - Securities Clause 11.5 Omit this clause in its entirety Clause 11.5.1 Omit this clause in its entirety Clause 11.5.2 Omit this clause in its entirety Clause 11.6 Omit this clause in its entirety Clause 11.10 Omit the words "on receipt of a Guarantee for Payment from the employer" Extension of waiver of lien The contractor shall ensure that a waiver of lien is included in all subcontracts and that the works executed on the site are kept free of all liens and other encumbrances at all times [11.10] F:......................... V:........................ T:........................ | C289: Item | D289: 1 | F289: =ROUND($D289*E289,2) -> 0
B291: Execution (A12 - A17)
A293: 12 | B293: Clause 12.0 - Duties of the partiesOffice accommodationThe contractor shall provide, maintain and remove on practical completion air conditioned office accommodation with suitable tables and chairs for meetings to be held on the site. Such offices shall be kept clean and fit for use at all times [12.2.18]Notice boardThe contractor shall erect in a position approved by the principal agent, maintain and remove on practical completion a notice board recommended by the South African Institute of Architects and as approved by the principal agent listing the names and logos of the employer, the contractor, and the professional consultants. No subcontractor or supplier notice boards may be erected unless permission is granted by the principal agent for such notice boards to be erected [12.2.18]Statutory and other noticesThe contractor shall submit and/or comply with all statutory and other notices that may be required by any local or other authority in order not to cause any delay to the commencement of the works by the contractor. The contractor shall pay all deposits or fees in this regard It is, however, specifically recorded that the employer shall be responsible for the timeous approval of building plans by any local or other authorities and the payment of any fees or charges related theretoF:......................... V:........................ T:........................ | C293: Item | D293: 1 | F293: =ROUND($D293*E293,2) -> 0
A295: 13 | B295: Clause 13.0 - Setting out F:......................... V:........................ T:........................ | C295: Item | D295: 1 | F295: =ROUND($D295*E295,2) -> 0
A297: 14 | B297: Clause 14.0 - Nominated subcontractors F:......................... V:........................ T:........................ | C297: Item | D297: 1 | F297: =ROUND($D297*E297,2) -> 0
A299: 15 | B299: Clause 15.0 - Selected subcontractors F:......................... V:........................ T:........................ | C299: Item | D299: 1 | F299: =ROUND($D299*E299,2) -> 0
A301: 16 | B301: Clause 16.0 - Direct contractors Attendance on direct contractors In respect of direct contractors the contractor shall: 1. Designate an area for the direct contractor to establish a temporary office and workshop and storage of equipment and materials 2. Allow the use of personnel welfare facilities, where provided 3. Provide water, lighting and single phase electric power to a position within 50m of the place where the direct contract work is to be carried out, other than fuel or power for commissioning of any installation 4. Permit the direct contractor to use erected scaffolding, hoisting facilities, etc. provided by the contractor, in common with others having the like right, while it remains erected on the site [16.1] F:......................... V:........................ T:........................ | C301: Item | D301: 1 | F301: =ROUND($D301*E301,2) -> 0
A303: 17 | B303: Clause 17.0 - Contract instructionsSite instructionsInstructions issued on site are to be recorded in a site instruction book which is to be supplied and maintained on site by the contractor F:......................... V:........................ T:........................ | C303: Item | D303: 1 | F303: =ROUND($D303*E303,2) -> 0
B305: Completion (A18 - A24)
A307: 18 | B307: Clause 18.0 - Interim completion F:......................... V:........................ T:........................ | C307: Item | D307: 1 | F307: =ROUND($D307*E307,2) -> 0
A309: 19 | B309: Clause 19.0 - Practical completion F:......................... V:........................ T:........................ | C309: Item | D309: 1 | F309: =ROUND($D309*E309,2) -> 0
A311: 20 | B311: Clause 20.0 - Completion in sections F:......................... V:........................ T:........................ | C311: Item | D311: 1 | F311: =ROUND($D311*E311,2) -> 0
A313: 21 | B313: Clause 21.0 - Defects liability period and final completion F:......................... V:........................ T:........................ | C313: Item | D313: 1 | F313: =ROUND($D313*E313,2) -> 0
A315: 22 | B315: Clause 22.0 - Latent defects liability period F:......................... V:........................ T:........................ | C315: Item | D315: 1 | F315: =ROUND($D315*E315,2) -> 0
A317: 23 | B317: Clause 23.0 - Revision of the date for practical completion Substitution of materials and goods The removal or substitution of any materials and goods which do not conform to the specification or the contract drawings shall not constitute grounds for the extension of the construction period nor for the adjustment of the contract value [17.1.8, 23.1 & 2] F:......................... V:........................ T:........................ | C317: Item | D317: 1 | F317: =ROUND($D317*E317,2) -> 0
A319: 24 | B319: Clause 24.0 - Penalty for late or non-completion F:......................... V:........................ T:........................ | C319: Item | D319: 1 | F319: =ROUND($D319*E319,2) -> 0
B321: Payment (A25 - A27)
A323: 25 | B323: Clause 25.0 - Payment Clause 25.10 Replace "fourteen (14)" with "thirty (30)" Materials and goods prematurely on site Materials and goods brought onto the site prematurely shall not be authorised for payment [25.3.2] Materials and goods stored off site Materials and goods stored off site shall not be authorised for payment [25.3.2] Fluctuations in costs All fluctuations in costs, with the exception of fluctuations in the rate of Value Added Tax, shall be for the account of the contractor [25.3.4] Prices submitted Where prices are submitted by the contractor or subcontractor during the progress of the works in respect of contract instructions or in regard to a claim under the terms of this agreement and notwithstanding the fact that such prices may be used in an interim payment certificate, there is to be no presumption of acceptance. Should the principal agent wish to accept any such prices prior to the issue of the certificate of final completion, it shall be in writing F:......................... V:........................ T:........................ | C323: Item | D323: 1 | F323: =ROUND($D323*E323,2) -> 0
A325: 26 | B325: Clause 26.0 - Adjustment of the contract value and final account Fluctuations in costs All fluctuations in costs, with the exception of fluctuations in the rate of Value Added Tax, shall be for the account of the contractor [26.9.5] Tenant installations/users requirements delayed There is a possibility that certain works related to tenant installations/users requirements may have to be delayed and may consequently not be executed prior to practical completion Should the contractor be instructed to do so he shall execute this work under the conditions pertaining to this agreement on the basis that a separate amount for preliminaries appurtenant to this work (if applicable) is agreed to between the contractor and the principal agent and on condition that instruction to proceed with such work is given to him within a period of three (3) calendar months after the date of practical completion of the works The employer reserves the right to omit such work without compensation to the contractor for loss of profit or any other loss which the contractor may suffer as a result of such omission Cost of claims All costs incurred by the contractor in the preparation of claims shall be borne by the contractor. This provision shall not preclude an adjudicator or an arbitrator appointed in terms of this agreement [30.6 & 7] from making a determination on costs Claims from subcontractors The contractor shall review, assess and adjudicate any claims received by him from any subcontractor and thereafter submit same to the principal agent with a recommendation in order to assist the principal agent in adjudicating the claim [26.6] F:......................... V:........................ T:........................ | C325: Item | D325: 1 | F325: =ROUND($D325*E325,2) -> 0
A327: 27 | B327: Clause 27.0 - Recovery of expense and/or loss F:......................... V:........................ T:........................ | C327: Item | D327: 1 | F327: =ROUND($D327*E327,2) -> 0
B329: Suspension and termination (A28 - A29)
A331: 28 | B331: Clause 28.0 - Suspension by the contractor F:......................... V:........................ T:........................ | C331: Item | D331: 1 | F331: =ROUND($D331*E331,2) -> 0
A333: 29 | B333: Clause 29.0 - Termination F:......................... V:........................ T:........................ | C333: Item | D333: 1 | F333: =ROUND($D333*E333,2) -> 0
B335: Dispute resolution (A30)
A337: 30 | B337: Clause 30.0 - Dispute resolution F:......................... V:........................ T:........................ | C337: Item | D337: 1 | F337: =ROUND($D337*E337,2) -> 0
A339: 31 | B339: Agreement The required information of the parties and the amount of the contract sum shall be inserted in the agreement for signature of the agreement by the parties F:......................... V:........................ T:........................ | C339: Item | D339: 1 | F339: =ROUND($D339*E339,2) -> 0
A341: 32 | B341: Contract data Tenderer's selection Before submission of his tender the contractor is to complete the tenderer's selection in the contract data F:......................... V:........................ T:........................ | C341: Item | D341: 1 | F341: =ROUND($D341*E341,2) -> 0
B343: SECTION B: GENERAL PRELIMINARIES
B345: Definitions and interpretation (B1)
A347: 33 | B347: Clause 1.1 - Definitions F:......................... V:........................ T:........................ | C347: Item | D347: 1 | F347: =ROUND($D347*E347,2) -> 0
A349: 34 | B349: Clause 1.2 - Interpretation F:......................... V:........................ T:........................ | C349: Item | D349: 1 | F349: =ROUND($D349*E349,2) -> 0
B351: Documents (B2)
A353: 35 | B353: Clause 2.1 - Checking of documents F:......................... V:........................ T:........................ | C353: Item | D353: 1 | F353: =ROUND($D353*E353,2) -> 0
A355: 36 | B355: Clause 2.2 - Provisional bills of quantities Multiple procurement These bills of quantities are in multiple procurement format i.e. the "wet trades" - earthworks, concrete, formwork and reinforcement, precast concrete, masonry, waterproofing and sub-surface drainage - are provisionally measured and the subsequent trades are budgetary allowances and/or provisional sums F:......................... V:........................ T:........................ | C355: Item | D355: 1 | F355: =ROUND($D355*E355,2) -> 0
A357: 37 | B357: Clause 2.3 - Availability of construction information Budgetary allowances and provisional sums The budgetary allowances and/or provisional sums allocated for subsequent trades included in this agreement will be separately procured, based on multiple procurement of subcontractors during the construction period F:......................... V:........................ T:........................ | C357: Item | D357: 1 | F357: =ROUND($D357*E357,2) -> 0
A359: 38 | B359: Clause 2.4 - Ordering of materials and goods F:......................... V:........................ T:........................ | C359: Item | D359: 1 | F359: =ROUND($D359*E359,2) -> 0
B361: Previous work and adjoining properties (B3)
A363: 39 | B363: Clause 3.1 - Previous work - dimensional accuracy F:......................... V:........................ T:........................ | C363: Item | D363: 1 | F363: =ROUND($D363*E363,2) -> 0
A365: 40 | B365: Clause 3.2 - Previous work - defects F:......................... V:........................ T:........................ | C365: Item | D365: 1 | F365: =ROUND($D365*E365,2) -> 0
A367: 41 | B367: Clause 3.3 - Inspection of adjoining properties F:......................... V:........................ T:........................ | C367: Item | D367: 1 | F367: =ROUND($D367*E367,2) -> 0
B369: The site (B4)
A371: 42 | B371: Clause 4.1- Handover of site in stages F:......................... V:........................ T:........................ | C371: Item | D371: 1 | F371: =ROUND($D371*E371,2) -> 0
A373: 43 | B373: Clause 4.2 - Enclosure of the works F:......................... V:........................ T:........................ | C373: Item | D373: 1 | F373: =ROUND($D373*E373,2) -> 0
A375: 44 | B375: Clause 4.3 - Geotechnical and other investigations F:......................... V:........................ T:........................ | C375: Item | D375: 1 | F375: =ROUND($D375*E375,2) -> 0
A377: 45 | B377: Clause 4.4 - Encroachments F:......................... V:........................ T:........................ | C377: Item | D377: 1 | F377: =ROUND($D377*E377,2) -> 0
A379: 46 | B379: Clause 4.5 - Existing premises occupied F:......................... V:........................ T:........................ | C379: Item | D379: 1 | F379: =ROUND($D379*E379,2) -> 0
A381: 47 | B381: Clause 4.6 - Services - known F:......................... V:........................ T:........................ | C381: Item | D381: 1 | F381: =ROUND($D381*E381,2) -> 0
B383: Management of contract (B5)
A385: 48 | B385: Clause 5.1 - Management of the works F:......................... V:........................ T:........................ | C385: Item | D385: 1 | F385: =ROUND($D385*E385,2) -> 0
A387: 49 | B387: Clause 5.2 - Progress meetings F:......................... V:........................ T:........................ | C387: Item | D387: 1 | F387: =ROUND($D387*E387,2) -> 0
A389: 50 | B389: Clause 5.3 - Technical meetings F:......................... V:........................ T:........................ | C389: Item | D389: 1 | F389: =ROUND($D389*E389,2) -> 0
B391: Samples, shop drawings and manufacturer's instructions (B6)
A393: 51 | B393: Clause 6.1 - Samples of materials F:......................... V:........................ T:........................ | C393: Item | D393: 1 | F393: =ROUND($D393*E393,2) -> 0
A395: 52 | B395: Clause 6.2 - Workmanship samples F:......................... V:........................ T:........................ | C395: Item | D395: 1 | F395: =ROUND($D395*E395,2) -> 0
A397: 53 | B397: Clause 6.3 - Shop drawings F:......................... V:........................ T:........................ | C397: Item | D397: 1 | F397: =ROUND($D397*E397,2) -> 0
A399: 54 | B399: Clause 6.4 - Compliance with manufacturer's instructions F:......................... V:........................ T:........................ | C399: Item | D399: 1 | F399: =ROUND($D399*E399,2) -> 0
B401: Deposits and fees (B7)
A403: 55 | B403: Clause 7.1 - Deposits and fees F:......................... V:........................ T:........................ | C403: Item | D403: 1 | F403: =ROUND($D403*E403,2) -> 0
B405: Temporary services (B8)
A407: 56 | B407: Clause 8.1 - Water F:......................... V:........................ T:........................ | C407: Item | D407: 1 | F407: =ROUND($D407*E407,2) -> 0
A409: 57 | B409: Clause 8.2 - Electricity F:......................... V:........................ T:........................ | C409: Item | D409: 1 | F409: =ROUND($D409*E409,2) -> 0
...

Sheet Electrical - Electronic
A1: IDC MINOR EXTERNAL WORKS : ELECTRICAL AND ELECTRONIC SERVICES INSTALLATION
C3: BILL NO. 1 : ELECTRONIC SERVICES INSTALLATION
A5: ITEM | B5: DESCRIPTION | D5: UNIT | E5: QTY | F5: RATE | H5: TOTAL | I5: AMOUNT
F6: MAT. | G6: INSTAL.
C8: ELECTRIC FENCE INSTALLATION
C10: Supply, Deliver, Install and Commission of the following equipment for the Electric Fence Installation :
A12: 1.1 | C12: SOFTWARE AND LICENCING
B14: a) | C14: ID - C201311 : Command Centre Licence | D14: No. | E14: 1 | H14: =+F14+G14 -> 0 | I14: Rate Only
B16: b) | C16: ID - 2A8272 : Fence Zone Licence | D16: No. | E16: 2 | H16: =+F16+G16 -> 0 | I16: =+E16*H16 -> 0
B18: c) | C18: ID - C12732 : Video Viewer SDK | D18: No. | E18: 1 | H18: =+F18+G18 -> 0 | I18: =+E18*H18 -> 0
B20: d) | C20: ID - 2A8982 : ASCII Text Interface : FTC API ASCII I/F M/W | D20: No. | E20: 1 | H20: =+F20+G20 -> 0 | I20: =+E20*H20 -> 0
A22: 1.2 | C22: ACCESS CONTROL HARDWARE
B24: a) | C24: ID - C400010 : Controller 7000 Single Door RS485 | D24: No. | E24: 4 | H24: =+F24+G24 -> 0 | I24: =+E24*H24 -> 0
B26: b) | C26: ID - C400181 : DIN Rail Adapter, Controller 7000 Single Door | D26: No. | E26: 4 | H26: =+F26+G26 -> 0 | I26: =+E26*H26 -> 0
B28: c) | C28: ID - C200340 : Power Supply | D28: No. | E28: 4 | H28: =+F28+G28 -> 0 | I28: =+E28*H28 -> 0
B30: d) | C30: ID - C300463 : T20 Alarm Terminal Black | D30: No. | E30: 2 | H30: =+F30+G30 -> 0 | I30: =+E30*H30 -> 0
A32: 1.3 | C32: PERIMETER HARDWARE
B34: a) | C34: ID - G21950 : F42 Fence Controller | D34: No. | E34: 4 | H34: =+F34+G34 -> 0 | I34: =+E34*H34 -> 0
B36: b) | C36: ID - G21965 : F3 Cable Manager | D36: No. | E36: 4 | H36: =+F36+G36 -> 0 | I36: =+E36*H36 -> 0
B38: c) | C38: ID - G64800 : Lightning Diverter | D38: No. | E38: 24 | H38: =+F38+G38 -> 0 | I38: =+E38*H38 -> 0
B40: d) | C40: ID - G22705 : Offset Mounting Block (50 Pack) | D40: No. | E40: 30 | H40: =+F40+G40 -> 0 | I40: =+E40*H40 -> 0
B42: e) | C42: ID - G62703 : Double Insulated Cable Hard 2.5mm x 100m | D42: No. | E42: 3 | H42: =+F42+G42 -> 0 | I42: =+E42*H42 -> 0
B44: f) | C44: ID - G62716 : Double Insulated Cable Soft 2.5mm x 400m | D44: No. | E44: 2 | H44: =+F44+G44 -> 0 | I44: =+E44*H44 -> 0
B46: g) | C46: ID - G93230 : High Conductivity Wire - 2.0mm | D46: No. | E46: 31 | H46: =+F46+G46 -> 0 | I46: =+E46*H46 -> 0
B48: h) | C48: ID - G602603 : Warning Signs (10 Pack) | D48: No. | E48: 12 | H48: =+F48+G48 -> 0 | I48: =+E48*H48 -> 0
B50: i) | C50: ID - G60355 : Joint Clamp (25 Pack) | D50: No. | E50: 93 | H50: =+F50+G50 -> 0 | I50: =+E50*H50 -> 0
B52: j) | C52: ID - G22416 : Link-up Sleeve Crimp (2.5mm) (100 Pack) | D52: No. | E52: 20 | H52: =+F52+G52 -> 0 | I52: =+E52*H52 -> 0
B54: k) | C54: ID - G20300 : Security Post 2.1M x 1mm (23 wire) | D54: No. | E54: 160 | H54: =+F54+G54 -> 0 | I54: =+E54*H54 -> 0
B56: l) | C56: ID - G20310 : Security Post 2.1M x 2mm (23 wire) | D56: No. | E56: 40 | H56: =+F56+G56 -> 0 | I56: =+E56*H56 -> 0
... B62: o) | C62: ID - G20410 : Security Post 1.0M x 1mm (11 wire) | D62: No. | E62: 130 | H62: =+F62+G62 -> 0 | I62: =+E62*H62 -> 0
C64: Sub-Total Carried Forward | I64: =SUM(I14:I62) -> 0
C68: BILL NO. 1 : ELECTRONIC SERVICES INSTALLATION (continued)
A70: ITEM | B70: DESCRIPTION | D70: UNIT | E70: QTY | F70: RATE | H70: TOTAL | I70: AMOUNT
F71: MAT. | G71: INSTAL.
C73: Sub-Total Brought Forward | I73: =+I64 -> 0
B75: p) | C75: ID - G20428 : Security Post 1.0M x 2mm (11 wire) | D75: No. | E75: 30 | H75: =+F75+G75 -> 0 | I75: =+E75*H75 -> 0
B77: q) | C77: ID - G20303 : Security Post 3.0M x 1mm (33 wire) | D77: No. | E77: 40 | H77: =+F77+G77 -> 0 | I77: =+E77*H77 -> 0
B79: r) | C79: ID - G20313 : Security Post 3.0M x 2mm (33 wire) | D79: No. | E79: 10 | H79: =+F79+G79 -> 0 | I79: =+E79*H79 -> 0
B81: q) | C81: ID - G20302 : Security Post 2.6M x 1mm (28 wire) | D81: No. | E81: 80 | H81: =+F81+G81 -> 0 | I81: =+E81*H81 -> 0
B83: r) | C83: ID -G20312 : Security Post 2.6M x 2mm (28 wire) | D83: No. | E83: 20 | H83: =+F83+G83 -> 0 | I83: =+E83*H83 -> 0
B85: q) | C85: ID - G20250 : Security DVM | D85: No. | E85: 1 | H85: =+F85+G85 -> 0 | I85: =+E85*H85 -> 0
B87: r) | C87: ID - G20251 : Security Fence Analyser Tool | D87: No. | E87: 1 | I87: Rate Only
B89: s) | C89: ID - G27606 : Enhanced Intermediate Insulator - Break Away (100 Pack) | D89: No. | E89: 122 | H89: =+F89+G89 -> 0 | I89: =+E89*H89 -> 0
B91: t) | C91: ID - G26610 : High Voltage Gate Switch | D91: No. | E91: 8 | H91: =+F91+G91 -> 0 | I91: =+E91*H91 -> 0
B93: u) | C93: ID - G26601 : High Voltage Gate Switch Bracket | D93: No. | E93: 8 | H93: =+F93+G93 -> 0 | I93: =+E93*H93 -> 0
B95: v) | C95: ID - G87601 : Earth Stake Clamp (3 Pack) | D95: No. | E95: 12 | H95: =+F95+G95 -> 0 | I95: =+E95*H95 -> 0
B97: w) | C97: ID - G87900 : Earth Stake 2.1m | D97: No. | E97: 23 | H97: =+F97+G97 -> 0 | I97: =+E97*H97 -> 0
B99: x) | C99: ID - T10492 : Tensioner Black Plastic Maxi Tweeker | D99: No. | E99: 3500 | H99: =+F99+G99 -> 0 | I99: =+E99*H99 -> 0
B101: y) | C101: ID - T10676 : S-Hook for Maxi Tweeker 4mm | D101: No. | E101: 3500 | H101: =+F101+G101 -> 0 | I101: =+E101*H101 -> 0
B103: z) | C103: ID - T10285 : Insulator Strain Black Plastic | D103: No. | E103: 3500 | H103: =+F103+G103 -> 0 | I103: =+E103*H103 -> 0
B105: i) | C105: ID - T10416 : Spring 5kG Tension | D105: No. | E105: 3500 | H105: =+F105+G105 -> 0 | I105: =+E105*H105 -> 0
B107: ii) | C107: ID - T10266 : Hook End Strain 5MM | D107: No. | E107: 3500 | H107: =+F107+G107 -> 0 | I107: =+E107*H107 -> 0
B109: iii) | C109: Wii Bridge Complete | D109: No. | E109: 6 | H109: =+F109+G109 -> 0 | I109: =+E109*H109 -> 0
B111: iv) | C111: Wii Tremoli Sensor | D111: No. | E111: 122 | H111: =+F111+G111 -> 0 | I111: =+E111*H111 -> 0
A113: 1.4 | C113: ENCLOSURES
B115: a) | C115: WACO - CRX604020) Stainless Steel Lockable Enclosure complete with 75mm diameter Pole Stainless Steel Mounting Brackets | D115: No. | E115: 4 | H115: =+F115+G115 -> 0 | I115: =+E115*H115 -> 0
A117: 1.5 | C117: TESTING & COMMISSIONING
C119: Testing and commissioning of complete installation and issuing a Certificate of Compliance for the Electric Fence. | D119: Sum | E119: 1 | F119: 0 | H119: =+F119+G119 -> 0 | I119: =+E119*H119 -> 0
A122: 1.6 | C122: ROLLER SHUTTER DOOR INSTALLATION
C124: Supply, Deliver, Install and Commission of the following equipment for the Roller Shutter Door Installation :
C126: SOFTWARE AND LICENCING
B128: a) | C128: ID - 2A8943 : Door Licence | D128: No. | E128: 8 | H128: =+F128+G128 -> 0 | I128: =+E128*H128 -> 0
C131: Sub-Total Carried Forward | I131: =SUM(I73:I128) -> 0
C135: BILL NO. 1 : ELECTRONIC SERVICES INSTALLATION (continued)
C138: Sub-Total Brought Forward | I138: =+I131 -> 0
A140: 1.7 | C140: ACCESS CONTROL HARDWARE
B142: a) | C142: ID - C400010 : Controller 7000 Single Door RS485 | D142: No. | E142: 4 | H142: =+F142+G142 -> 0 | I142: =+E142*H142 -> 0
B144: b) | C144: ID - C300688 : HBUS 16 in 16 Out Board | D144: No. | E144: 4 | H144: =+F144+G144 -> 0 | I144: =+E144*H144 -> 0
B146: c) | C146: ID - C200001 : Full-Footprint Mounting Plate | D146: No. | E146: 4 | H146: =+F146+G146 -> 0 | I146: =+E146*H146 -> 0
B148: d) | C148: ID - T10862 : Dual Cabinet 8A PS | D148: No. | E148: 4 | H148: =+F148+G148 -> 0 | I148: =+E148*H148 -> 0
A150: 1.8 | C150: TESTING & COMMISSIONING
C152: Testing and commissioning of complete installation. | D152: Sum | E152: 1 | H152: =+F152+G152 -> 0 | I152: =+E152*H152 -> 0
A154: 1.9 | C154: PROGRAMMING AND CONTROL
C156: Allow to program and fully integrate the Electrical Fence and Roller Shutter Door Installations to the existing Gallagher equipped Control Room. | D156: Sum | E156: 1 | H156: =+F156+G156 -> 0 | I156: =+E156*H156 -> 0
C200: TOTAL BILL NO.1 CARRIED FORWARD TO SUMMARY
I201: =SUM(I138:I157) -> 0

Sheet Electrical - Electrical
A1: IDC MINOR EXTERNAL WORKS : ELECTRICAL AND ELECTRONIC SERVICES INSTALLATION
C3: BILL NO. 2 : ELECTRICAL INSTALLATION
A5: ITEM | B5: DESCRIPTION | D5: UNIT | E5: QTY | F5: RATE | H5: TOTAL | I5: AMOUNT
F6: MAT. | G6: INSTAL.
A8: 2.1 | C8: Supply and installation of Round Black Norsk Cable complete terminations with gland installed on cable tray or in conduit.
L9: `
B10: a) | C10: 4,0mm² 3-Core plus E | D10: m | E10: 100 | H10: =+F10+G10 -> 0 | I10: =+H10*E10 -> 0
B12: b) | C12: 4,0mm² 2-Core plus E | D12: m | E12: 300 | H12: =+F12+G12 -> 0 | I12: =+H12*E12 -> 0
B14: c) | C14: 2,5mm² 3-Core plus E | D14: m | E14: 1 | H14: =+F14+G14 -> 0 | I14: Rate Only
B16: d) | C16: 2,5mm² 2-Core plus E | D16: m | E16: 500 | H16: =+F16+G16 -> 0 | I16: Rate Only
A18: 2.2 | C18: Supply and installation of Galvanised SABS approved conduits, including couplings, adaptors, locknuts, saddles, etc., installed on surface, installed in drywall partitioning or chased into brickwork.
B20: a) | C20: 20mm | D20: m | E20: 240 | H20: =+F20+G20 -> 0 | I20: =+H20*E20 -> 0
B22: b) | C22: 25mm | D22: m | E22: 180 | H22: =+F22+G22 -> 0 | I22: =+H22*E22 -> 0
A24: 2.3 | C24: Supply and installation of round 1-4 way Galvanised SABS approved ceiling boxes, including connection of conduit, compression glands and extension rings where required.
B26: a) | C26: 20mm round 65mm diameter | D26: No. | E26: 48 | H26: =+F26+G26 -> 0 | I26: =+H26*E26 -> 0
B28: b) | C28: 25mm round 65mm diameter | D28: No. | E28: 16 | H28: =+F28+G28 -> 0 | I28: =+H28*E28 -> 0
A30: 2.4 | C30: Supply and Installation of the following Low Voltage Miniature Circuit Breakers, all equipment to be Schneider, complete with tails to bus-bar and all ancillary material required to mount MCB's in existing Distribution Boards.
B32: a) | C32: 16A / Single Pole D Curve 6kA MCB | D32: No. | E32: 14 | H32: =+F32+G32 -> 0 | I32: =+H32*E32 -> 0
B34: b) | C34: 16A / Triple Pole D Curve 6kA MCB | D34: No. | E34: 2 | H34: =+F34+G34 -> 0 | I34: =+H34*E34 -> 0
B36: c) | C36: 63A / Single Pole 6kA MCB | D36: No. | E36: 1 | H36: =+F36+G36 -> 0 | I36: =+H36*E36 -> 0
A38: 2.5 | C38: Excavate new cable trench in the following soil conditions:
B40: a) | C40: Pickable ground [450mm Wide x 600mm Deep] | D40: m³ | E40: 50 | H40: =+F40+G40 -> 0 | I40: =+H40*E40 -> 0
B42: b) | C42: Backfill in layers of 150mm over cable with sifted material and compact. | D42: m³ | E42: 50 | H42: =+F42+G42 -> 0 | I42: =+H42*E42 -> 0
B44: c) | C44: Supply and install PVC marker tape | D44: m | E44: 200 | H44: =+F44+G44 -> 0 | I44: =+H44*E44 -> 0
A46: 2.6 | C46: Supply and installation of ribbed Black PVC sleeves (Kabelflex) complete with couplings with sealing rings, under building foundations and surface beds to distribution cupboards.
B48: a) | C48: 50mm diameter | D48: m | E48: 185 | H48: =+F48+G48 -> 0 | I48: =+H48*E48 -> 0
C52: Sub-Total Carried Forward | I52: =SUM(I10:I48) -> 0
C55: BILL NO. 2 : ELECTRICAL INSTALLATION (continued)
A57: ITEM | B57: DESCRIPTION | D57: UNIT | E57: QTY | F57: RATE | H57: TOTAL | I57: AMOUNT
F58: MAT. | G58: INSTAL.
C60: Sub-Total Brought Forward | I60: =+I52 -> 0
A62: 2.7 | C62: Supply and installation of the following 600 / 1000V, general purpose, PVC.PVC.SWA.PVC cables.
C63: (C) = Cable
C64: (E) = End
B66: a) | C66: 16mm²/4-core
C67: ( C ) | D67: m | E67: 1 | H67: =+F67+G67 -> 0 | I67: Rate Only
C69: ( E ) | D69: m | E69: 1 | H69: =+F69+G69 -> 0 | I69: Rate Only
B70: b) | C70: 16mm²/3-core
C71: ( C ) | D71: m | E71: 1 | H71: =+F71+G71 -> 0 | I71: Rate Only
C73: ( E ) | D73: m | E73: 1 | H73: =+F73+G73 -> 0 | I73: Rate Only
B74: c) | C74: 10mm²/4-core
C75: ( C ) | D75: m | E75: 1 | H75: =+F75+G75 -> 0 | I75: Rate Only
C77: ( E ) | D77: m | E77: 1 | H77: =+F77+G77 -> 0 | I77: Rate Only
B78: d) | C78: 10mm²/3-core
C79: ( C ) | D79: m | E79: 100 | H79: =+F79+G79 -> 0 | I79: =+H79*E79 -> 0
C81: ( E ) | D81: m | E81: 100 | H81: =+F81+G81 -> 0 | I81: =+H81*E81 -> 0
A83: 2.8 | C83: Supply of the following isolators installed on surface over a round outlet box:
B85: a) | C85: WACO IP66 Rated Enclosed Isolator : MED 232 - 32A DP | D85: No. | E85: 14 | H85: =+F85+G85 -> 0 | I85: =+H85*E85 -> 0
B87: b) | C87: WACO IP66 Rated Enclosed Isolator : MET 232 - 32A TP + N | D87: No. | E87: 2 | H87: =+F87+G87 -> 0 | I87: =+H87*E87 -> 0
A89: 2.9 | C89: Testing and commissioning of complete installation, comprising distribution board and all sub-circuits, including the issuing of an Annexure in terms of ECBSA Certificate of Compliance for every Distribution Board for changes made to the installation. | D89: Sum | E89: 1 | H89: =+F89+G89 -> 0 | I89: =+E89*H89 -> 0
C113: TOTAL BILL NO.2 CARRIED FORWARD TO SUMMARY
I114: =SUM(I60:I89) -> 0

Sheet Electrical - General
A1: IDC MINOR EXTERNAL WORKS : ELECTRICAL AND ELECTRONIC SERVICES INSTALLATION
C3: BILL NO. 3 : GENERAL
A5: ITEM | B5: DESCRIPTION | D5: UNIT | E5: QTY | F5: RATE | G5: TOTAL
A8: 3.1 | C8: OPERATION AND MAINTENANCE MANUALS
B10: a) | C10: Design and Supply of Operation and Maintenance Manuals - 3 Copies | D10: Sum | E10: 1 | G10: =F10*E10 -> 0
A12: 3.2 | C12: 12 MONTH MAINTENANCE & GUARANTEE
B14: a) | C14: Provide 12 month guarantees and monthly site visit maintenance for the systems from date of handover | D14: Sum | E14: 1 | G14: =F14*E14 -> 0
A16: 3.3 | C16: TRAINING
B18: a) | C18: Provide operation training for security and operation employees (1 day session) | D18: Sum | E18: 1 | G18: =F18*E18 -> 0
A20: 3.4 | C20: AS-BUILT DRAWINGS
B22: a) | C22: Provide Engineer with Marked Up As-Built Drawings | D22: Sum | E22: 1 | G22: =F22*E22 -> 0
C52: TOTAL BILL NO.3 CARRIED FORWARD TO SUMMARY
G53: =SUM(G10:G22) -> 0

Sheet Electrical - Sum
A1: IDC MINOR EXTERNAL WORKS : ELECTRICAL AND ELECTRONIC SERVICES INSTALLATION
B3: BILL SUMMARY :
B6: Totals brought forward for :
B8: BILL NO. 1 : ELECTRONIC SERVICES INSTALLATION | D8: R | E8: ='Electrical - Electronic'!I201 -> 0
B10: BILL NO. 2 : ELECTRICAL INSTALLATION | D10: R | E10: ='Electrical - Electrical'!I114 -> 0
B12: BILL NO. 3 : GENERAL | D12: R | E12: ='Electrical - General'!G53 -> 0
A20: TOTAL (EX VAT) CARRIED FORWARD TO FINAL SUMMARY | D20: R | E20: =SUM(E8:E12) -> 0

Sheet Landscaping
A1: IDC HEAD OFFICE
A2: MINOR EXTERNAL WORKS PROJECT - LANDSCAPE WORKS
A3: BILL OF QUANTITIES
C5: DESCRIPTION | E5: UNIT | G5: QTY | I5: RATE | L5: TOTAL
A7: 1 | C7: INITIAL WORK
A9: 1.1 | C9: Tree felling
C10: Fell and cart existing dead trees as identified on site by the landscape architect | E10: Item | G10: 1 | L10: =G10*I10 -> 0
A12: 1.2 | C12: Cut back or remove existing vegetation
C13: Prune or remove existing vegetation as identified on site by the landscape architect and cart from site | E13: Item | G13: 1 | L13: =G13*I13 -> 0
A15: 1.3 | C15: Remove gravel | E15: m³ | G15: 20 | L15: =G15*I15 -> 0
C16: Remove and cart gravel from site
A18: 1.4 | C18: Move signposts
C19: Move existing signposts identified on site by the landscape architect | E19: Item | G19: 1 | L19: =G19*I19 -> 0
A21: 2 | C21: EARTHWORKS
A23: 2.1 | C23: Topsoil | E23: m³ | G23: 2 | L23: =G23*I23 -> 0
C24: Import and place topsoil from a disclosed source, a sample of which has been approved by the Landscape Architect
A26: 2.2 | C26: Compost | E26: m³ | G26: 54 | L26: =G26*I26 -> 0
C27: Import, place and spread (from a disclosed source) compost, a sample of which has been approved by the Landscape Architect.
A29: 2.3 | C29: Bonemeal | E29: m² | G29: 1176 | L29: =G29*I29 -> 0
C30: Supply and place bonemeal to lawn and planting areas at a rate of 50g per square metre prior to cultivation and planting
A32: 2.4 | C32: Moisture retention agent | E32: m² | G32: 1176 | L32: =G32*I32 -> 0
C33: Import, place and mix into growing medium a Saturaid moisture retention agent (or similar approved), to Supplier's specification. Saturaid to be manually applied as the last component of the soil preparation prior to any planting. Saturaid dosage: 0,25 Liters / 12,5m².
A35: 2.5 | C35: Efficient Microbes (EM) | E35: m² | G35: 1176 | L35: =G35*I35 -> 0
C36: Apply onto all planting areas, a solution of Efficient Microbes (EM) to manufacturer's specification. A water solution of EM to be manually applied as the last component of the soil preparation prior to any planting. EM dosage: 25 Liters / 5000 m².
A38: 2.6 | C38: Rockdust | E38: m² | G38: 1176 | L38: =G38*I38 -> 0
C39: Apply onto all planting areas, a solution of Rockdust available from LAVA Grow Mineral Products. Rockdust to be manually applied as the last component of the soil preparation prior to any planting. Rockdust dosage: 2 kg / 10 m².
C47: CARRIED FORWARD | L47: =SUM(L10:L46) -> 0
C48: BROUGHT FORWARD | L48: =SUM(L47) -> 0
C50: EARTHWORKS (Continued)
A52: 2.7 | C52: Fertiliser | E52: m² | G52: 1176 | L52: =G52*I52 -> 0
C53: Supply and spread organic 2:3:2 fertiliser to lawn and planting areas after planting
A55: 2.8 | C55: Cultivation + finishing | E55: m² | G55: 1176 | L55: =G55*I55 -> 0
C56: Cultivate soft landscape areas to a depth of 150mm in accordance with the desired running levels, removing stones larger than 50mm and foreign material including weeds and roots.
A58: 2.9 | C58: Mulch (bark chip) | E58: m³ | G58: 67 | L58: =G58*I58 -> 0
C59: Import, place and spread (from a disclosed source) a 50mm bark chip mulch layer, a sample of which has been approved by the Landscape Architect.
A61: 3 | C61: PLANTING
A62: 3.1 | C62: Trees and Shrubs
A63: 3.1.1 | C63: Buddleja saligna (50 litre) | E63: No. | G63: 8 | L63: =G63*I63 -> 0
A64: 3.1.2 | C64: Celtis africana (50 litre) | E64: No. | G64: 8 | L64: =G64*I64 -> 0
A65: 3.1.3 | C65: Combretum erythrophyllum (50 litre) | E65: No. | G65: 13 | L65: =G65*I65 -> 0
A66: 3.1.4 | C66: Dombeya rotundifolia (50 litre) | E66: No. | G66: 2 | L66: =G66*I66 -> 0
A67: 3.1.5 | C67: Freylinia tropica (20 litre) | E67: No. | G67: 21 | L67: =G67*I67 -> 0
A68: 3.1.6 | C68: Mackaya bella (20 litre) | E68: No. | G68: 3 | L68: =G68*I68 -> 0
A69: 3.1.7 | C69: Rothmannia globosa (20 litre) | E69: No. | G69: 1 | L69: =G69*I69 -> 0
A70: 3.1.8 | C70: Strelitzia nicolai (20 litre) | E70: No. | G70: 6 | L70: =G70*I70 -> 0
A72: 3.2 | C72: Groundcovers and climbers
A73: 3.2.1 | C73: Agapanthus praecox (4 litre) | E73: No. | G73: 652 | L73: =G73*I73 -> 0
A74: 3.2.2 | C74: Asparagus densiflorus "Cwebe" (4 litre) | E74: No. | G74: 1245 | L74: =G74*I74 -> 0
A75: 3.2.3 | C75: Chlorophytum bowkeri (2 litre) | E75: No. | G75: 830 | L75: =G75*I75 -> 0
A76: 3.2.4 | C76: Chlorophytum saundersiae (plug) | E76: No. | G76: 3260 | L76: =G76*I76 -> 0
A77: 3.2.5 | C77: Crassula multicava (plug) | E77: No. | G77: 806 | L77: =G77*I77 -> 0
A78: 3.2.6 | C78: Eucomis autumnalis (4 litre) | E78: No. | G78: 652 | L78: =G78*I78 -> 0
A79: 3.2.7 | C79: Jasminum multipartitum (4 litre) | E79: No. | G79: 104 | L79: =G79*I79 -> 0
A80: 3.2.8 | C80: Scadoxus puniceus (4 litre) | E80: No. | G80: 830 | L80: =G80*I80 -> 0
A81: 3.2.9 | C81: Setaria lindenbergiana (2 litre) | E81: No. | G81: 652 | L81: =G81*I81 -> 0
A83: 3.3 | C83: Berm erosion protection
A84: 3.3.1 | C84: Supply and install 150mm compost-filled geojute erosion control cylinders by specialist | E84: m | G84: 400 | L84: =G84*I84 -> 0
A85: 3.3.2 | C85: Erosion protection installations and hydroseeding of berms by specialist (Panicum maximum 1.5g seed per square metre) | E85: m² | G85: 1600 | L85: =G85*I85 -> 0
A87: 3.4 | C87: Divide groundcovers | E87: Item | G87: 1 | L87: =G87*I87 -> 0
C88: Lift, split and replant Dietes plants near the main building entrance and the Fredman Drive entrance
C90: CARRIED FORWARD | L90: =SUM(L48:L88) -> 0
C91: BROUGHT FORWARD | L91: =L90 -> 0
A93: 4 | C93: IRRIGATION
A94: 4.1 | C94: Borehole electricals
C95: Supply and install 380V 0.37kW-7kW electrical panel including all sundries, cable tray and labour | E95: Item | G95: 1 | L95: =G95*I95 -> 0
A97: 4.2 | C97: Borehole testing
C98: Yield test borehole, evaluate condition of existing borehole pump | E98: Item | G98: 1 | L98: =G98*I98 -> 0
A100: 4.3 | C100: Storage tank cleaning | E100: Item | G100: 1 | L100: =G100*I100 -> 0
C101: Drain and clean booster pump station reservoir
A103: 4.4 | C103: Booster pump electricals | E103: Item | G103: 1 | L103: =G103*I103 -> 0
C104: Supply and install twin 5.5kW VSD electrical panel complete with all required protections and breakers including electrical sundries, cable tray and labour
A106: 4.5 | C106: Booster pump station pipework | E106: Item | G106: 1 | L106: =G106*I106 -> 0
C107: Replace and mark pipework at the booster pump station and connect to the borehole, municipal feed and existing mainline, including valves pressure tank and transducer for pressure on demand system
A109: 4.6 | C109: Irrigation Ring Main _ Mainline Irrigation, or Equal Approved
A110: 4.6.1 | C110: Water connection point 250-500l/p/m @ 5bar 1 x WCP @ R550 2 x GN50 1 x 50BV 1x50PRV x 1 x VB430 - Code: WCP50 | E110: No. | G110: 1 | L110: =G110*I110 -> 0
A111: 4.6.2 | C111: 75mm x 2 Compression male adaptor - Code: CMA75X2 | E111: No. | G111: 1 | L111: =G111*I111 -> 0
A112: 4.6.3 | C112: 75mm Compression tee - Code: CT75 | E112: No. | G112: 8 | L112: =G112*I112 -> 0
A113: 4.6.4 | C113: 75mm Compression elbow - Code: CE75 | E113: No. | G113: 16 | L113: =G113*I113 -> 0
A114: 4.6.5 | C114: 75x 21/2 Compression male tee - Code: CMT75X21/2 | E114: No. | G114: 4 | L114: =G114*I114 -> 0
A115: 4.6.6 | C115: 65mm PVC ball valve BSP S/U - Code: V302-21/2 | E115: No. | G115: 6 | L115: =G115*I115 -> 0
A116: 4.6.7 | C116: 75mm x 21/2 Compression male adaptor - Code: CMA75X21/2 | E116: No. | G116: 4 | L116: =G116*I116 -> 0
A117: 4.6.8 | C117: 430mm Rectangular valve box - Code: VB430 | E117: No. | G117: 6 | L117: =G117*I117 -> 0
A118: 4.6.9 | C118: 75mm x 2 Compression female tee - Code: CFT75X2 | E118: No. | G118: 2 | L118: =G118*I118 -> 0
A119: 4.6.10 | C119: 50mm x 300mm Galvanized riser - Code: GR50X300 | E119: No. | G119: 2 | L119: =G119*I119 -> 0
A120: 4.6.11 | C120: 50mm Galvanised elbow male female - Code: GEMF50 | E120: No. | G120: 2 | L120: =G120*I120 -> 0
A121: 4.6.12 | C121: 50mm Air valve - Code: AV50 | E121: No. | G121: 2 | L121: =G121*I121 -> 0
... A134: 4.6.25 | C134: 250mm Round valve box - Code: VB250 | E134: No. | G134: 60 | L134: =G134*I134 -> 0
C135: CARRIED FORWARD | L135: =SUM(L91:L134) -> 0
C136: BROUGHT FORWARD | L136: =L135 -> 0
C138: IRRIGATION (Continued)
A139: 4.6.26 | C139: 75mm Compression plug - Code: CP75 | E139: No. | G139: 6 | L139: =G139*I139 -> 0
A140: 4.6.27 | C140: 63mm Compression plug - Code: CP63 | E140: No. | G140: 6 | L140: =G140*I140 -> 0
A141: 4.6.28 | C141: Sundries materials per station - Code: SUN | E141: No. | G141: 60 | L141: =G141*I141 -> 0
A142: 4.6.29 | C142: 1 x Turf valve key 1 x GEF20 1 x GSN20 2x 20mm hose clamps, 30m of 177220 hose, 600mm tripod and 20mm FC brass impact sprinkler - Code: TVKC | E142: No. | G142: 10 | L142: =G142*I142 -> 0
A143: 4.6.30 | C143: Mainline labour - "trench, install & backfill" 600mm - Code: LABM | E143: m | G143: 1600 | L143: =G143*I143 -> 0
A145: 4.7 | C145: Irrigation Installation to Main building Entrance
A146: 4.7.1 | C146: Miscellaneous items needed for a water connection point - Code: WCP | E146: No. | G146: 1 | L146: =G146*I146 -> 0
A147: 4.7.2 | C147: 50mm x 1 Compression male adaptor - Code: CMA50X1 | E147: No. | G147: 2 | L147: =G147*I147 -> 0
A148: 4.7.3 | C148: 50mm x 1 Compression saddle - Code: CS50X1 | E148: No. | G148: 2 | L148: =G148*I148 -> 0
A149: 4.7.4 | C149: 25mm Galvanised nipple - Code: GN25 | E149: No. | G149: 4 | L149: =G149*I149 -> 0
...

Sheet Final Summary
B7: FINAL SUMMARY
A10: Section | D10: Page | F10: Amount
A11: No | D11: No
A13: 1 | B13: Preliminaries & General | D13: 46 | F13: ='P&G + Building Work'!F509 -> 0
A15: 2 | B15: Building Works | D15: 67 | F15: ='P&G + Building Work'!F829+'P&G + Building Work'!F885 -> 0
A17: 3 | B17: Electrical Installation | D17: 74 | F17: ='Electrical - Sum'!E20*1.1 -> 0
A19: 4 | B19: Landscaping and Irrigation | D19: 81 | F19: =Landscaping!L304*1.1 -> 0
B22: Sub-Total | E22: R | F22: =SUM(F13:F19) -> 0
B24: ADD VAT @ 15% | E24: R | F24: =F22*15% -> 0
B46: Total Inclusive of VAT Carried to Form of Offer | E46: R | F46: =SUM(F22:F24) -> 0
